 Dungeon Crawl Stone Soup version 0.30-a0-325-gb515db48ae (webtiles) character file.

Game seed: 3511292767383596337

33 Engwar the Cudgeller (level 3, 28/29 HPs)
             Began as a Meteoran Reaver on Oct 28, 2022.
             Quit the game on level 4 of the Dungeon.
             The game lasted 00:03:17 (433 turns).

Engwar the Cudgeller (Meteoran Reaver)               Turns: 433, Time: 00:03:17

Health: 28/29      AC:  4    Str: 14    XL:     3   Next: 70%
Magic:  8/8        EV: 12    Int: 16    God:
Gold:   28         SH:  0    Dex: 12    Spells: 4/7 levels left

rFire   . . .      SeeInvis .    a - +0 mace
rCold   . . .      Faith    .    (no shield)
rNeg    . . .      Spirit   .    b - +0 leather armour
rPois   .          Reflect  .    (no helmet)
rElec   .          Harm     .    (no cloak)
rCorr   .          Rampage  .    (no gloves)
Will    .....                    f - +0 pair of boots
Stlth   +.........               (no amulet)
HPRegen 0.24/turn                (no ring)
MPRegen 0.11/turn                (no ring)

@: glowing
A: sense surroundings 1, otherworldly, glowing, explore regen
a: no special abilities


You were on level 4 of the Dungeon.
You visited 1 branch of the dungeon, and saw 4 of its levels.

You collected 28 gold pieces.

Inventory:

Hand Weapons
 a - a +0 mace (weapon)
Armour
 b - a +0 leather armour (worn)
 f - a +0 pair of boots (worn)
Wands
 e - a wand of flame (12)
Scrolls
 c - a scroll of immolation {unknown}
 d - 2 scrolls of identify {unknown}


   Skills:
 - Level 2.1 Fighting
 + Level 4.9 Maces & Flails
 - Level 2.4 Dodging
 - Level 2.6 Spellcasting
 + Level 4.4 Conjurations


You had 4 spell levels left.
You knew the following spells:

 Your Spells              Type           Power      Damage    Failure   Level
a - Kiss of Death         Conj/Necr      36%        2d8       10%         1
b - Momentum Strike       Conj/Tloc      18%        3d8       16%         2

Your spell library contained the following spells:

 Spells                   Type           Power      Damage    Failure   Level
 Hailstorm                Conj/Ice       9%         3d4       30%         3


Dungeon Overview and Level Annotations

Branches:
Dungeon (4/15) Zot: 1954
 Temple: D:4-7

Altars:
Gozag

Shops:
D:4 *


Innate Abilities, Weirdness & Mutations

You passively map a small area around you.
You are easily found by Zot.
You glow in the dark.
You regain HP and MP as you explore.


Message History

Found a mace.
Found an escape hatch in the ceiling.
A hobgoblin comes into view.
The hobgoblin shouts!
The hobgoblin hits you.
You closely miss the hobgoblin. The hobgoblin barely misses you.
You hit the hobgoblin.
The hobgoblin is almost dead.
The hobgoblin hits you but does no damage.
You barely miss the hobgoblin.
The hobgoblin is almost dead.
The hobgoblin closely misses you.
You barely miss the hobgoblin.
The hobgoblin is almost dead.
The hobgoblin hits you.
You barely miss the hobgoblin.
The hobgoblin is almost dead.
The hobgoblin hits you.
You barely miss the hobgoblin.
The hobgoblin is almost dead.
You hear the slow rusting of a drain nearby.
The hobgoblin barely misses you.
You hit the hobgoblin but do no damage.
The hobgoblin is almost dead.
The hobgoblin closely misses you. x2
You closely miss the hobgoblin.
The hobgoblin is almost dead.
The hobgoblin hits you.
You closely miss the hobgoblin.
The hobgoblin is almost dead.
The hobgoblin closely misses you.
You hit the hobgoblin but do no damage.
The hobgoblin is severely wounded.
The hobgoblin hits you but does no damage.
You hit the hobgoblin.
You kill the hobgoblin!
You see here a hobgoblin corpse.
Found Atit's General Store.
There is an entrance to Atit's General Store here.
Are you sure you want to abandon this character and quit the game? (Confirm with "yes".)

,, , .. , ,* #.
, ##. * , * , ..
, * *#. * , ,
#.## #..# ,* , *
#.@# , ##+##
##.# * * #...##
#.# ,, , .....##
# #.# * ......##
##. *#.# ,
.......#
##...##.######.
.......+
...............,
, .......#
##...##.######.
......## ##.
*#†# * * *


There were no monsters in sight!

Vanquished Creatures
  An adder (D:2)
  A ball python (D:1)
  2 endoplasms
  2 goblins
  A hobgoblin (D:4)
  6 jackals (D:1)
  2 kobolds
  A quokka (D:1)
  2 bats (D:1)
  2 rats
20 creatures vanquished.

Notes
Turn   | Place    | Note
-------+----------+-------------------------------------------
     0 | D:1      | Engwar the Meteoran Reaver began the quest for the Orb.
     0 | D:1      | Reached XP level 1. HP: 17/17 MP: 5/5
   121 | D:1      | Reached XP level 2. HP: 17/24 MP: 6/6
   163 | D:2      | Learned a level 2 spell: Momentum Strike
   207 | D:2      | Reached XP level 3. HP: 26/29 MP: 8/8
   281 | D:3      | Found an opulent altar of Gozag.
   425 | D:4      | Found Atit's General Store.
   433 | D:4      | Quit the game

Illustrated notes

Levels and vault maps discovered:
D:1:      minmay_arrival_wavy_path, layout_basic, serial_shops,
          nicolae_shop_bloodbath_and_beyond
D:2:      layout_rooms, lexackson_kobold_supper
D:3:      layout_basic, grunt_gozag_statues, minmay_bisected
D:4:      layout_loops_corners, mainiacjoe_overflow_cross_hatched, serial_shops,
          shop, nicolae_shop_hallway_stairs, cheibrodos_sewer_entry_sluice,
          cheibrodos_gnoll_hut

Skill      XL: |  1  2 |
---------------+-------+-----
Conjurations   | 4 |  4.4
Fighting       | |  2.1
Maces & Flails | |  4.9
Dodging        | |  2.4
Spellcasting   | |  2.6

Action                   || total
-------------------------++-------
Melee: Mace              ||    69
Armor: Leather armour    ||    31
Dodge: Dodged            ||    52

Table legend: (Time is in decaauts)
 A = Elapsed time spent in this place.
 B = Non-inter-level travel time spent in this place.
 C = Inter-level travel time spent in this place.
 D = Time resting spent in this place.
 E = Time spent auto-exploring this place.
 F = Levels seen in this place.
 G = Mean time per level.
                   A        B        C        D        E       F      G
               +--------+--------+--------+--------+--------+-----+--------+
         Total |    445 |    427 |     18 |      0 |      0 |   4 |  111.2 |
       Dungeon |    445 |    427 |     18 |      0 |      0 |   4 |  111.2 |
               +--------+--------+--------+--------+--------+-----+--------+

Top non-repeatable levels by time:
     D:1: 184 daAuts
     D:3: 113 daAuts
     D:2: 81 daAuts
     D:4: 65 daAuts
